 Dungeon Crawl Stone Soup version 0.27-a0-1196-g3e9cee4cb2 (webtiles) character file.

Game seed: 17626811210021099780

32 Anon1729 the Ducker (level 3, -1/26 HPs)
             Began as an Octopode Fighter on May 28, 2021.
             Slain by a jackal (3 damage)
             ... on level 1 of the Dungeon.
             The game lasted 00:01:00 (1384 turns).

Anon1729 the Ducker (Octopode Fighter)              Turns: 1384, Time: 00:01:00

Health: -1/26      AC:  1    Str: 16    XL:     3   Next: 27%
Magic:  3/3        EV: 11    Int: 10    God:
Gold:   48         SH:  8    Dex: 11    Spells: 2/2 levels left

rFire    . . .     SeeInvis .     - Unarmed
rCold    . . .     Faith    .   a - +0 kite shield
rNeg     . . .     Spirit   .   (helmet restricted)
rPois    .         Reflect  .   (no amulet)
rElec    .         Harm     .   (no ring)
rCorr    .         Rampage  .   (no ring)
Will     .....                  (no ring)
Stlth    ++........             (no ring)
HPRegen  0.08/turn              (no ring)
MPRegen  0.08/turn              (no ring)
                                (no ring)
                                (no ring)

@: no status effects
A: almost no armour, amphibious, 8 rings, camouflage 1, gelatinous body 1,
(nimble swimmer 1), tentacles
a: no special abilities


You were on level 1 of the Dungeon.
You visited 1 branch of the dungeon, and saw 2 of its levels.

You collected 48 gold pieces.

Inventory:

Armour
 a - a +0 kite shield (worn)
Scrolls
 c - a scroll of vulnerability {unknown}
 d - a scroll of teleportation {unknown}
 f - a scroll of magic mapping {unknown}
 g - a scroll of noise {unknown}
 h - a scroll of summoning {unknown}
 i - a scroll of fear {unknown}
Potions
 b - a potion of might
 e - 2 potions of mutation {unknown}


   Skills:
 + Level 3.3 Fighting
 + Level 3.3 Dodging
 + Level 3.3 Shields
 + Level 2.4 Unarmed Combat


You had 2 spell levels left.
You didn't know any spells.
Your spell library was empty.

Dungeon Overview and Level Annotations

Branches:
Dungeon (2/15)

Altars:


Innate Abilities, Weirdness & Mutations

You cannot wear most types of armour.
You are amphibious.
You can wear up to eight rings at the same time.
Your skin changes colour to match your surroundings (Stealth+).
Your rubbery body absorbs attacks. (AC +1, EV +1)
((You are camouflaged near water. (Stealth+)))
You have tentacles for arms and can constrict up to eight enemies at once.


Message History

The jackal barks!
Your grab misses the jackal. You block the jackal's attack. x2
The jackal bites you. The jackal barely misses you.
The goblin closely misses you. The jackal barely misses you.
You are too injured to fight recklessly!
There are monsters nearby!
There are monsters nearby!
You block the jackal's attack. The jackal bites you.
The jackal barely misses you.
There is a stone staircase leading up here.
You block the jackal's attack. The jackal bites you.
You block the jackal's attack. The jackal bites you.
You climb upwards.
There is a stone staircase leading down here.
You closely miss the jackal. Your grab misses the jackal. The jackal bites you.
* * * LOW HITPOINT WARNING * * *
The jackal closely misses you. You block the jackal's attack.
You tentacle-slap the jackal. Your grab misses the jackal.
Your squeeze misses the jackal.
The jackal is severely wounded.
You block the jackal's attack. The jackal barely misses you. x2
You tentacle-slap the jackal.
You kill the jackal!
The jackal barely misses you. You block the jackal's attack. x2
You barely miss the jackal. Your grab misses the jackal. The jackal bites you.
* * * LOW HITPOINT WARNING * * *
You block the jackal's attack. The jackal barely misses you.
You closely miss the jackal. You grab the jackal. You constrict the jackal.
You block the jackal's attack. x2; The jackal bites you.
* * * LOW HITPOINT WARNING * * *
You block the jackal's attack.
You barely miss the jackal. You grab the jackal. You constrict the jackal. x2
You block the jackal's attack. The jackal bites you.
* * * LOW HITPOINT WARNING * * *
You tentacle-slap the jackal but do no damage.
The jackal is lightly wounded.
You constrict the jackal. x2
You kill the jackal!
The jackal bites you.
You die...

# ######.....###..#.#
#.##...... #
#...............#.# #.##......
# #†####.###.###.##.#
#.##...... # #.# #(# #.# #.##.#
#.##...... # #.# #.# #.# #.##.#
#.##...... #
#.####.###.###.##.# #.##......
# #.#...............#
#.##...... #
#.#.##.###.###†#######.##......
###.#.#....#.#
#@h...............
....#.#..###.#
######.##.#######.
#####.#..###.# #.##.#######.
#.#......# #.#.......##.
#.##.##### #.#..####.##. #.##.#
#.#.....#.##. #....#
#.#...#.#.##. ######
#.#...#.#.#.. #.#...#.#.###


You could see a jackal.

Vanquished Creatures
  2 ball pythons (D:1)
  3 bats
  An endoplasm (D:1)
  A giant cockroach (D:1)
  3 goblins
  2 hobgoblins (D:1)
  3 jackals
  3 quokkas (D:1)
  5 frilled lizards (D:1)
  5 kobolds (D:1)
  2 rats (D:1)
30 creatures vanquished.

Notes
Turn   | Place    | Note
-------+----------+-------------------------------------------
     0 | D:1      | Anon1729 the Octopode Fighter began the quest for the Orb.
     0 | D:1      | Reached XP level 1. HP: 16/16 MP: 1/1
   153 | D:1      | Reached XP level 2. HP: 20/21 MP: 2/2
   993 | D:1      | Reached XP level 3. HP: 26/26 MP: 3/3
  1384 | D:1      | Slain by a jackal

Illustrated notes

Levels and vault maps discovered:
D:1:      heliophobic_arrival_enchanted_forest, layout_basic
D:2:      layout_basic

Action                   || total
-------------------------++-------
Melee: Unarmed           ||    64
       Constrict         ||    20
       Tentacles         ||    11
 Stab: Sleeping          ||     8
Armor: Skin              ||     7
Dodge: Dodged            ||    32
Block: Kite shield       ||    40

Table legend: (Time is in decaauts)
 A = Elapsed time spent in this place.
 B = Non-inter-level travel time spent in this place.
 C = Inter-level travel time spent in this place.
 D = Time resting spent in this place.
 E = Time spent auto-exploring this place.
 F = Levels seen in this place.
 G = Mean time per level.
                   A        B        C        D        E       F      G
               +--------+--------+--------+--------+--------+-----+--------+
         Total |   1396 |   1380 |     16 |    151 |   1035 |   2 |  698.0 |
       Dungeon |   1396 |   1380 |     16 |    151 |   1035 |   2 |  698.0 |
               +--------+--------+--------+--------+--------+-----+--------+

Top non-repeatable levels by time:
     D:1: 1382 daAuts
     D:2: 14 daAuts
